 Dungeon Crawl Stone Soup version 0.26-a0-52-gd53d4cd058 (webtiles) character file.

Game seed: 2323971974483978234

157 Hasart the Grave Robber (level 5, 0/35 HPs)
             Began as a Demonspawn Necromancer on June 5, 2020.
             Slain by Sigmund
             ... wielding a +0 scythe
              (3 damage)
             ... on level 2 of the Dungeon.
             The game lasted 00:04:44 (2167 turns).

Hasart the Grave Robber (Demonspawn Necromancer)    Turns: 2167, Time: 00:04:45

Health: 0/35       AC:  8    Str:  8    XL:     5   Next: 15%
Magic:  0/9        EV: 12    Int: 17    God:
Gold:   109        SH:  4    Dex: 14    Spells: 9/10 levels left

rFire    . . .     SeeInvis .   i - +0 short sword
rCold    . . .     Gourm    .   d - +0 buckler
rNeg     . . .     Faith    .   a - +0 robe
rPois    .         Spirit   .   (no helmet)
rElec    .         Reflect  .   p - +2 cloak
rCorr    .         Harm     .   (no gloves)
MR       .....                  (no boots)
Stlth    ++........             (no amulet)
HPRegen  0.11/turn              (no ring)
MPRegen  0.11/turn              (no ring)

@: no status effects
A: claws 1, slimy green scales 2, demonic guardian 1
a: no special abilities


You were on level 2 of the Dungeon.
You were hungry.

You visited 1 branch of the dungeon, and saw 2 of its levels.

You collected 109 gold pieces.

Inventory:

Hand Weapons
 i - a +0 short sword (weapon)
 o - a +4 quarterstaff of chaos
Armour
 a - a +0 robe (worn)
 d - a +0 buckler (worn)
 p - a +2 cloak (worn)
Scrolls
 b - 5 scrolls of identify {unknown}
 e - a scroll of random uselessness {unknown}
 g - a scroll of remove curse {unknown}
 k - a scroll of immolation {unknown}
Potions
 f - 3 potions of curing {unknown}
 h - a potion of brilliance {unknown}
 j - a potion of might {unknown}
 l - a potion of heal wounds {unknown}
 n - a potion of lignification {unknown}
Comestibles
 c - 2 rations


   Skills:
 - Level 1.9 Dodging
 - Level 1.7 Stealth
 + Level 1.9 Shields
 + Level 3.0 Spellcasting
 * Level 5.9 Necromancy


You had 9 spell levels left.
You knew the following spells:

 Your Spells              Type           Power        Failure   Level  Hunger
a - Pain                  Necr           ###.         1%          1    None

Your spell library contained the following spells:

 Spells                   Type           Power        Failure   Level  Hunger
 Animate Skeleton         Necr           N/A          1%          1    None
 Vampiric Draining        Necr           ###.......   6%          3    ###....
 Animate Dead             Necr           N/A          19%         4    ####...
 Agony                    Necr           ###.....     47%         5    ######.


Dungeon Overview and Level Annotations

Branches:
Dungeon (2/15)

Altars:

Annotations:
D:2 Sigmund


Innate Abilities, Weirdness & Mutations

You have sharp fingernails.
You are mostly covered in slimy green scales. (AC +3)
A weak demonic guardian rushes to your aid.


Message History

Press: ? - help, Shift-Dir - straight line, f/p - hound
Aim: a hound (heavily wounded, chance to defeat MR: 87%)
The hound writhes in agony!
You kill the hound!
Your Spellcasting skill increases to level 3!
You have reached level 5!
Your demonic ancestry asserts itself...
You feel the presence of a demonic guardian.
Your magical contamination has completely faded away.
You are feeling hungry.
Casting: Pain (safe; 1% risk of failure)
Confirm with . or Enter, or press ? or * to list all spells.
Aiming: Pain (safe; 1% risk of failure)
Press: ? - help, Shift-Dir - straight line, f - goblin
Aim: a goblin (chance to defeat MR: 91%)
The goblin writhes in agony.
The goblin hits you but does no damage. Sigmund hits you with a +0 scythe.
* * * LOW HITPOINT WARNING * * *
Sigmund hits you from afar with a +0 scythe.
You die...

..# #.#...
..#.#.#...
##....#.#..# ..#.#
#.#..# ..#.# #.#..#
..#.# #.#..# ###
..#.# #.#..#######.#
....###............#
......###.....5.@#.#
......'..#....g..#.#
##....##.######@<#.#
#....##.# #.##.#
#....##.# #....#
#....##.###########
......#
#....##....(......#
......#
##....############.#
......# #.....# #.#
ggg...#


You could see Sigmund, a goblin and a friendly shadow imp (summoned).

Vanquished Creatures
  A hound (D:2)
  Crazy Yiuf (D:2)
  Terence (D:2)
  A gnoll (D:2)
  2 adders (D:2)
  A dart slug (D:1)
  A giant cockroach (D:2)
  9 goblins
  6 hobgoblins (D:1)
  2 jackals (D:1)
  5 kobolds
  A ball python (D:1)
  5 bats (D:1)
  5 frilled lizards (D:1)
  5 rats
46 creatures vanquished.

Notes
Turn   | Place    | Note
-------+----------+-------------------------------------------
     0 | D:1      | Hasart the Demonspawn Necromancer began the quest for the
                  | Orb.
     0 | D:1      | Reached XP level 1. HP: 13/13 MP: 3/3
   225 | D:1      | Gained mutation: You are partially covered in slimy green
                  | scales. (AC +2) [demonic ancestry]
   225 | D:1      | Reached XP level 2. HP: 13/19 MP: 1/5
   818 | D:1      | Reached skill level 5 in Necromancy
   930 | D:1      | Gained mutation: You have sharp fingernails. [demonic
                  | ancestry]
   930 | D:1      | Reached XP level 3. HP: 23/24 MP: 3/6
  1202 | D:2      | Noticed Sigmund
  1321 | D:2      | Noticed Terence
  1323 | D:2      | Reached skill level 1 in Shields
  1387 | D:2      | Killed Terence
  1387 | D:2      | Gained mutation: You are mostly covered in slimy green
                  | scales. (AC +3) [demonic ancestry]
  1387 | D:2      | Reached XP level 4. HP: 3/30 MP: 1/7
  1944 | D:2      | Found a runed translucent door.
  1945 | D:2      | Noticed Crazy Yiuf
  1952 | D:2      | Killed Crazy Yiuf
  2151 | D:2      | Gained mutation: A weak demonic guardian rushes to your
                  | aid. [demonic ancestry]
  2151 | D:2      | Reached XP level 5. HP: 7/35 MP: 0/9
  2167 | D:2      | Slain by Sigmund

Illustrated notes

Levels and vault maps discovered:
D:1:      onia_arrival_pyramid, layout_rooms, minmay_misc_feat_rows
D:2:      layout_basic, kennysheep_generic_room_14, uniq_terence, uniq_robin,
          uniq_crazy_yiuf_cottage, uniq_sigmund

Skill      XL: |  1  2  3  4 |
---------------+-------------+-----
Necromancy     | 5 |  5.9
Shields        | 1 |  1.9
Spellcasting   | 3 |  3.0
Dodging        | |  1.9
Stealth        | |  1.7

Action                   |  1- 3 |  4- 6 || total
-------------------------+-------+-------++-------
Melee: Short sword       |       |    16 ||    16
 Cast: Pain              |    60 |    29 ||    89
  Eat: Chunk             |     2 |     2 ||     4
Armor: Robe              |     5 |    11 ||    16
Dodge: Dodged            |     8 |    23 ||    31
Block: Buckler           |     2 |     2 ||     4

Table legend:
 A = Non-vault XP
 B = Vault XP
 C = Vault XP percentage of total XP
 D = Non-vault monster count
 E = Vault monster count
 F = Vault count percentage of total count
                 A         B        C        D         E       F
            +---------+---------+-------+---------+---------+-------
      Total |     135 |      90 |  40.0 |      37 |       9 |  19.6
            +---------+---------+-------+---------+---------+-------
        D:1 |      44 |       0 |   0.0 |      28 |       0 |   0.0
        D:2 |      91 |      90 |  49.7 |       9 |       9 |  50.0
            +---------+---------+-------+---------+---------+-------
